 Dungeon Crawl Stone Soup version 0.22-a0-81-g7478db5 (webtiles) character file.

24 travisno the Firebug (level 3, -1/24 HPs)
             Began as a Human Fire Elementalist on Jan 18, 2018.
             Slain by an adder (2 damage)
             ... on level 2 of the Dungeon.
             The game lasted 00:07:15 (1374 turns).

travisno the Firebug (Human Fire Elementalist)      Turns: 1374, Time: 00:07:16

Health: -1/24      AC:  3    Str:  5 (8)  XL:     3   Next: 15%
Magic:  1/6        EV: 12    Int: 17 (19) God:
Gold:   37         SH:  0    Dex: 12 (13) Spells: 3/6 levels left

rFire    . . .     SeeInvis .   (no weapon)
rCold    . . .     Gourm    .   (no shield)
rNeg     . . .     Faith    .   a - +0 robe
rPois    .         Spirit   .   (no helmet)
rElec    .         Reflect  .   f - +0 cloak
rCorr    .         Harm     .   (no gloves)
MR       .....                  (no boots)
Stlth    +++.......             (no amulet)
HPRegen  0.08/turn              h - +3 ring of intelligence
MPRegen  0.10/turn              d - ring of stealth

@: lethally poisoned (-1 -> -6), very slightly contaminated
A: no striking features
a: no special abilities


You were on level 2 of the Dungeon.
You were not hungry.

You visited 1 branch of the dungeon, and saw 2 of its levels.

You collected 37 gold pieces.

Inventory:

Armour
 a - a +0 robe (worn)
 f - a +0 cloak (worn)
Jewellery
 d - a ring of stealth (right hand)
 h - a +3 ring of intelligence (left hand)
Books
 b - a book of Flames

   Spells                             Type                      Level
   a - Flame Tongue                   Conjuration/Fire             1
   b - Throw Flame                    Conjuration/Fire             2
   c - Conjure Flame                  Conjuration/Fire             3
   d - Inner Flame                    Hexes/Fire                   3
   e - Sticky Flame                   Conjuration/Fire             4
   f - Fireball                       Conjuration/Fire             5
Comestibles
 c - 3 rations


   Skills:
 + Level 2.3 Dodging
 + Level 2.1 Stealth
 + Level 2.1 Spellcasting
 + Level 1.0 Conjurations
 + Level 3.6 Fire Magic


You had 3 spell levels left.
You knew the following spells:

 Your Spells              Type           Power        Failure   Level  Hunger
a - Flame Tongue          Conj/Fire      #....        8%          1    #......
b - Throw Flame           Conj/Fire      #.....       11%         2    ###....


Dungeon Overview and Level Annotations

Branches:
Dungeon (2/15)

Altars:


Message History

Casting: Flame Tongue
Confirm with . or Enter, or press ? or * to list all spells.
Aiming: Throw Flame
Press: ? - help, Shift-Dir - straight line, f - ooze, p - adder
Aim: an ooze (almost dead)
You miscast Throw Flame.
You smell something strange.
* * * LOW HITPOINT WARNING * * *
You feel sick. The adder closely misses you.
* * * LOW HITPOINT WARNING * * *
You feel sick. The adder barely misses you.
* * * LOW HITPOINT WARNING * * *
You feel sick.
You hit the adder.
The adder is lightly wounded.
The adder bites you but does no damage.
You closely miss the adder.
The adder is lightly wounded.
* * * LOW HITPOINT WARNING * * *
You feel sick. The adder bites you.
You die...

.....##.#..# .....'..#..#
.....####..##########
.(...####..##.......#
.....##.............+
.....####..#........# .....#
#..#.###........ ##.
#########..#.#
#.######+#....
...........#.###@#####....##
......####.#.....SJ.<'.....#
....#.# #.#####.#####.....#
..).#.# #.# #.# ....$..
#####.# #.# #.# ....#.. #.#
#.# #.# ###.# > #.# #.# #.#
.# #.. ..# #.. # #.#


You could see an ooze and an adder.

Vanquished Creatures
  A ball python (D:1)
  2 bats
  2 goblins (D:1)
  6 hobgoblins
  4 jackals (D:2)
  3 frilled lizards
  3 rats
21 creatures vanquished.

Notes
Turn   | Place    | Note
-------+----------+-------------------------------------------
     0 | D:1      | travisno the Human Fire Elementalist began the quest for the Orb.
     0 | D:1      | Reached XP level 1. HP: 13/13 MP: 3/3
   407 | D:1      | Reached XP level 2. HP: 4/19 MP: 1/5
   462 | D:1      | Learned a level 2 spell: Throw Flame
  1174 | D:2      | Reached XP level 3. HP: 13/24 MP: 2/6
  1374 | D:2      | HP: 1/24 [poisoned by an adder]
  1374 | D:2      | Slain by an adder

Vault maps used:
D:1:      co_arrival_random_square_maze
D:2:      uniq_sigmund

Action                   || total
-------------------------++-------
Melee: Unarmed           ||    71
 Cast: Flame Tongue      ||    28
       Throw Flame       ||     2
  Use: Scroll            ||     4
       Potion            ||     4
 Stab: Sleeping          ||     2
  Eat: Ration            ||     1
Armor: Robe              ||    32
Dodge: Dodged            ||    80

Table legend:
 A = Spawn XP
 B = Non-spawn XP
 C = Spawn XP percentage of total XP
 D = Spawn monster count
 E = Non-spawn monster count
 F = Spawn count percentage of total count
 G = Total turns spent on level
                    A         B        C        D         E        F      G
               +---------+---------+-------+---------+---------+-------+---------
         Total |       0 |      35 |   0.0 |       0 |      21 |   0.0 |  1374
               +---------+---------+-------+---------+---------+-------+---------
           D:1 |       0 |      18 |   0.0 |       0 |      11 |   0.0 |   945
           D:2 |       0 |      17 |   0.0 |       0 |      10 |   0.0 |   429
               +---------+---------+-------+---------+---------+-------+---------
